 Dungeon Crawl Stone Soup version 0.20-a0-492-g6327889 (webtiles) character file.

3462 dobroeutro the Basher (level 10, -3/60 HPs)
             Began as a Gargoyle Fighter on Jan 15, 2017.
             Was an Elder of Okawaru.
             Slain by an orc warrior
             ... wielding a +0 scimitar
              (6 damage)
             ... on level 8 of the Dungeon.
             The game lasted 00:09:49 (6311 turns).

dobroeutro the Basher (Gargoyle Fighter)            Turns: 6311, Time: 00:09:51

Health: -3/60      AC: 20    Str: 22    XL:     10   Next: 6%
Magic:  10/10      EV:  9    Int:  9    God:    Okawaru [****..]
Gold:   352        SH: 10    Dex: 10    Spells: 9/9 levels left

rFire    . . .     SeeInvis .   G - +0 morningstar
rCold    . . .     Gourm    .   b - +0 scale mail
rNeg     + + .     Faith    .   c - +0 shield
rPois    ∞         Spirit   .   E - +0 helmet
rElec    +         Reflect  .   (no cloak)
rCorr    .         Harm     .   (no gloves)
MR       .....                  x - +1 pair of boots
Stlth    ..........             (no amulet)
Regen    0.2/turn               o - +2 ring of protection
                                p - ring of positive energy

@: no status effects
A: negative energy resistance 1, electricity resistance, unbreathing,
petrification resistance, rot immunity, AC +7
a: Heroism, Renounce Religion


You were on level 8 of the Dungeon.
You worshipped Okawaru.
Okawaru was greatly pleased with you.
You were not hungry.

You visited 2 branches of the dungeon, and saw 9 of its levels.

You collected 352 gold pieces.

Inventory:

Hand Weapons
 a - a +0 flail
 G - a +0 morningstar (weapon)
Armour
 b - a +0 scale mail (worn)
 c - a +0 shield (worn)
 x - a +1 pair of boots (worn)
 E - a +0 helmet (worn)
Jewellery
 m - an uncursed ring of stealth
 o - a +2 ring of protection (right hand)
 p - a ring of positive energy (left hand)
 s - a +4 ring of strength
Wands
 J - a wand of lightning (12/15)
Scrolls
 h - 9 scrolls of identify
 i - a scroll of magic mapping {unknown}
 j - 5 scrolls of amnesia
 l - 3 scrolls of remove curse
 q - a scroll of immolation
 r - 2 scrolls of teleportation
 t - 2 scrolls of enchant armour
 y - a scroll of fear {unknown}
 A - 2 scrolls of enchant weapon {unknown}
 I - a scroll of recharging {unknown}
 K - a scroll of vulnerability {unknown}
Potions
 d - 2 potions of might
 e - 3 potions of curing {unknown}
 g - a potion of invisibility {unknown}
 k - 3 potions of lignification {unknown}
 n - 3 potions of agility
 u - a potion of cancellation {unknown}
 v - a potion of heal wounds {unknown}
 w - a potion of magic {unknown}
 C - 2 potions of flight {unknown}
 D - a potion of haste {unknown}
 F - a potion of mutation {unknown}
Comestibles
 f - 6 bread rations
 z - a slice of pizza
 B - 3 beef jerkies
 H - 2 chunks of flesh


   Skills:
 + Level 5.9 Fighting
 * Level 10.6 Maces & Flails
 + Level 5.9 Armour
 + Level 3.7 Dodging
 + Level 6.1 Shields


You had 9 spell levels left.
You didn't know any spells.

Dungeon Overview and Level Annotations

Branches:
Dungeon (8/15)             Temple (1/1) D:4
   Lair: D:8-11

Altars:
Ashenzari
Cheibriados
Dithmenos
Elyvilon
Fedhas
Gozag
Hepliaklqana
Kikubaaqudgha
Okawaru
Qazlal
Ru
Sif Muna
Trog
Uskayaw
Vehumet
Yredelemnul
Zin
The Shining One

Shops:
D:4 :

Annotations:
D:5 Pikel
D:6 azzavlup's ghost, novice DsAK


Innate Abilities, Weirdness & Mutations

You are resistant to torment.
Your stone body is resilient. (AC +7)
You are immune to poison.
You resist negative energy. (rN+)
You are resistant to electric shocks. (rElec)
You can survive without breathing.
You are immune to petrification.
You are immune to rotting.


Message History

The orc priest invokes the aid of Beogh against you.
Beogh smites you!
* * * LOW HITPOINT WARNING * * *
Your shield and scale mail prevent you from hitting the orc warrior.
The orc warrior is severely wounded.
The orc warrior hits you with a scimitar!
* * * LOW HITPOINT WARNING * * *
You barely miss the orc warrior.
The orc warrior is severely wounded.
The orc warrior barely misses you.
You hit the orc warrior but do no damage.
The orc warrior is severely wounded.
You block the orc warrior's attack.
You closely miss the orc warrior.
The orc warrior is severely wounded.
The orc warrior hits you but does no damage.
You hit the orc warrior.
The orc warrior is almost dead.
The orc warrior hits you with a scimitar.
You die...

..._#.##.#.#....#####.#
#.#.##.
....#..)..)...........#
#.#.##.
..._#.####......#######
#.#.##. #.###.# ###.####
#.#.##. #.###.# #.#
#.#.##. #..#..# #.#
####### #...... ##...###
###.# #.....# ###.###
.##.##.###...#####.....#
##.##
..#_#...##.##...@oo....#
#...#
..###.....>##.####o....#
#...# ..##.##.#..##.#
#.....# #...#
o.##.##.#>.##.# #######
#.### ..##.##.......#
#.# ..##.####.o####
########.# ..##.####..#
#........#
o###......o####
#.#####..# .#
#######....# #.#####..#


You could see an orc warrior, an orc priest and an orc.

Vanquished Creatures
  A two-headed ogre (D:8)
  Joseph (D:8)
  A hippogriff (D:7)
  Grum (D:8)
  A water moccasin (D:6)
  3 orc warriors (D:8)
  An ice beast (D:7)
  A sky beast (D:5)
  An ogre (D:6)
  3 wolves
  A centaur (D:5)
  2 bullfrogs
  A scorpion (D:8)
  6 killer bees (D:8)
  A howler monkey (D:4)
  A crimson imp (D:5)
  A hound (D:8)
  A centaur skeleton (D:8)
  A jelly (D:8)
  A bullfrog skeleton (D:5)
  3 orc priests
  5 orc wizards
  An iguana (D:5)
  2 worker ants (D:4)
  A killer bee zombie (D:7)
  A mummy (D:5)
  4 gnolls
  7 adders
  2 shadow imps
  An ooze (D:2)
  2 adder zombies
  3 worms
  2 dart slugs (D:1)
  A leopard gecko (D:1)
  21 orcs
  7 bats
  8 giant cockroaches
  4 hobgoblins
  7 jackals
  4 kobolds
  5 quokkas
  2 frilled lizards
  5 goblins
  A goblin zombie (D:5)
  A kobold zombie (D:5)
  A quokka zombie (D:6)
  8 rats
139 creatures vanquished.

Notes
Turn   | Place    | Note
-------+----------+-------------------------------------------
     0 | D:1      | dobroeutro the Gargoyle Fighter began the quest for the Orb.
     0 | D:1      | Reached XP level 1. HP: 14/14 MP: 1/1
    74 | D:1      | Reached XP level 2. HP: 19/19 MP: 2/2
    93 | D:1      | Reached skill level 3 in Maces & Flails
   282 | D:1      | Reached XP level 3. HP: 23/23 MP: 3/3
   611 | D:2      | Reached skill level 4 in Maces & Flails
   611 | D:2      | Reached XP level 4. HP: 28/28 MP: 4/4
  1245 | D:3      | Found a sacrificial altar of Ru.
  1411 | D:3      | Found a stormy altar of Qazlal.
  1612 | D:3      | Reached skill level 5 in Maces & Flails
  1612 | D:3      | Reached XP level 5. HP: 12/32 MP: 5/5
  1968 | D:4      | You fall through a shaft!
  1968 | D:5      | Entered Level 5 of the Dungeon
  1997 | D:5      | Reached skill level 6 in Maces & Flails
  1997 | D:5      | Reached XP level 6. HP: 2/37 MP: 6/6
  2502 | D:4      | Found a staircase to the Ecumenical Temple.
  2503 | D:4      | Found Eghyos's Book Emporium.
  2530 | Temple   | Entered the Ecumenical Temple
  2610 | Temple   | Became a worshipper of Warmaster Okawaru
  2630 | D:4      | Reached skill level 7 in Maces & Flails
  2871 | D:5      | Noticed a sky beast
  2897 | D:5      | Killed a sky beast
  2897 | D:5      | Reached XP level 7. HP: 40/41 MP: 7/7
  3089 | D:5      | Reached skill level 8 in Maces & Flails
  3092 | D:5      | Reached * piety under Okawaru
  3506 | D:5      | Noticed Pikel
  3585 | D:6      | Reached XP level 8. HP: 42/47 MP: 8/8
  3677 | D:6      | Got a heavily runed cloak
  3683 | D:6      | Identified the cursed -3 cloak of Slovenliness {Str+2} (You found it on level 6 of the Dungeon)
  3805 | D:6      | Found a basalt altar of Yredelemnul.
  3807 | D:6      | Noticed azzavlup's ghost (novice DsAK)
  3832 | D:7      | Reached skill level 1 in Dodging
  4171 | D:7      | Found a hazy altar of Hepliaklqana.
  4375 | D:7      | Noticed a hippogriff
  4383 | D:7      | Killed a hippogriff
  4383 | D:7      | Reached ** piety under Okawaru
  4383 | D:7      | Reached skill level 9 in Maces & Flails
  4725 | D:8      | Noticed Grum
  5158 | D:8      | Reached XP level 9. HP: 50/52 MP: 9/9
  5166 | D:8      | Killed Grum
  5166 | D:8      | Reached skill level 5 in Shields
  5180 | D:8      | Noticed Joseph
  5257 | D:8      | Killed Joseph
  5257 | D:8      | Reached *** piety under Okawaru
  5257 | D:8      | Reached skill level 5 in Fighting
  5257 | D:8      | Reached skill level 5 in Armour
  5511 | D:8      | Found a hide-covered altar of Uskayaw.
  5511 | D:8      | Found a faded altar of an unknown god.
  5516 | D:8      | Found a faded altar of an unknown god.
  5518 | D:8      | Found an opulent altar of Gozag.
  5520 | D:8      | Found a white marble altar of Elyvilon.
  5684 | D:8      | Reached skill level 10 in Maces & Flails
  6031 | D:8      | Noticed a two-headed ogre
  6099 | D:8      | Killed a two-headed ogre
  6099 | D:8      | Reached **** piety under Okawaru
  6099 | D:8      | Reached XP level 10. HP: 31/60 MP: 7/10
  6307 | D:8      | HP: 2/60 [orc warrior/scimitar (12)]
  6311 | D:8      | Slain by an orc warrior

Vault maps used:
D:1:      tarquinn_simple_flora_water_e
D:2:      minmay_tripent
D:3:      lemuel_doored_altar, grunt_ministairs_12, grunt_qazlal_sundering
D:4:      first_bread, serial_shops, shop, lemuel_flame_loot_1
D:5:      nicolae_ossuary_entry_giza, uniq_pikel
D:6:      minmay_ruined_shrine
D:7:      lemuel_coloured_pillars_altar
D:8:      chequers_temple_overflow_minitemple, uniq_maurice, uniq_grum,
          uniq_joseph
Temple:   eino_temple_scatter_basement

Skill      XL: |  1  2  3  4  5  6  7  8  9 |
---------------+----------------------------+-----
Maces & Flails | 3 4 5 6 7 8 9 10 | 10.6
Dodging        | 2 3 |  3.7
Shields        | 4 6 |  6.1
Fighting       | 4 5 |  5.9
Armour         | 4 5 |  5.9

Action                   |  1- 3 |  4- 6 |  7- 9 | 10-12 || total
-------------------------+-------+-------+-------+-------++-------
Melee: Flail             |    79 |   223 |    43 |       ||   345
       Morningstar       |       |       |   313 |    40 ||   353
Invok: Heroism           |       |       |     3 |       ||     3
  Use: Potion            |       |     1 |       |       ||     1
       Scroll            |       |       |     7 |     1 ||     8
  Eat: Chunk             |       |     7 |     8 |     1 ||    16
       Royal jelly       |       |       |     1 |       ||     1
Armor: Scale mail        |    56 |   181 |   204 |     6 ||   447
Dodge: Dodged            |    31 |    89 |   126 |     5 ||   251
Block: Shield            |    45 |   137 |   185 |    14 ||   381
